 Dungeon Crawl Stone Soup version 0.23.2-11-gf996548 (webtiles) character file.

Game seed: 11792149482471958859

230097 Fang the Warrior (level 19, -9/217 HPs)
             Began as a Gargoyle Berserker on June 3, 2019.
             Was the Champion of Trog.
             Mangled by an emperor scorpion (25 damage)
             ... on level 4 of the Spider Nest.
             The game lasted 00:50:20 (36395 turns).

Fang the Warrior (Gargoyle Berserker)              Turns: 36395, Time: 00:50:20

Health: -9/217     AC: 50    Str: 41    XL:     19   Next: 46%
Magic:  0/19       EV: 14    Int: 14    God:    Trog [******]
Gold:   2799       SH:  0    Dex:  9    Spells: 18/18 levels left

rFire    . . .     SeeInvis +   N - +10 broad axe "Finlel" {drain, rN+ Str+4}
rCold    . . .     Gourm    .   (no shield)
rNeg     + + .     Faith    .   b - +5 crystal plate armour
rPois    ∞         Spirit   .   (no helmet)
rElec    +         Reflect  .   H - +2 cloak {MR+}
rCorr    .         Harm     .   o - +0 pair of gloves "Vaffaili" {Str+3}
MR       ++++.                  (no boots)
Stlth    ..........             n - amulet of Vitality {Regen+ HP+15}
HPRegen  1.86/turn              x - ring of the Okapi {Int+6 SInv}
MPRegen  0.16/turn              z - ring of stealth

@: berserking, flying, regenerating, very quick
A: big wings, negative energy resistance 1, electricity resistance, unbreathing,
petrification resistance, rot immunity, AC +14
}: 1/15 runes: decaying
a: Stop Flying, Berserk, Trog's Hand, Brothers in Arms, Renounce Religion


You were on level 4 of the Spider Nest.
You worshipped Trog.
Trog was exalted by your worship.
You were near starving.

You visited 7 branches of the dungeon, and saw 33 of its levels.
You also visited: Gauntlet.

You collected 2879 gold pieces.
You spent 80 gold pieces at shops.

Inventory:

Hand Weapons
 a - a +0 war axe of chopping
 v - a +3 broad axe of protection
 w - a +4 antimagic executioner's axe
 C - a +0 war axe of holy wrath
 E - a +1 battleaxe of venom
 K - a +4 war axe of freezing
 L - a +4 war axe of flaming
 N - the +10 broad axe "Finlel" (weapon) {drain, rN+ Str+4}
   (Trog gifted it to you on level 3 of the Spider Nest)

   A truly terrible weapon, it drains the life of those it strikes.
   It affects your strength (+4).
   It protects you from negative energy.
Armour
 b - a +5 crystal plate armour (worn)
 o - the +0 pair of gloves "Vaffaili" (worn) {Str+3}
   (You found it on level 4 of the Swamp)

   It affects your strength (+3).
 H - a +2 cloak of magic resistance (worn)
 M - a scarf of repulsion
Jewellery
 n - the amulet of Vitality (around neck) {Regen+ HP+15}
   (You found it on level 8 of the Dungeon)

   [amulet of regeneration]

   It affects your health (+15).
   It increases your rate of regeneration.
 x - the ring of the Okapi (left hand) {Int+6 SInv}
   (You found it on level 1 of the Swamp)

   [ring of intelligence]

   It affects your intelligence (+6).
   It lets you see invisible.
 z - a ring of stealth (right hand)
 A - an uncursed amulet of the gourmand
 I - an uncursed ring of magical power
 J - an uncursed amulet of rage
Wands
 f - a wand of flame (43)
 i - a wand of random effects (62)
 q - a wand of iceblast (19)
 u - a wand of polymorph (52)
 y - a wand of scattershot (5)
 D - a wand of acid (14)
 F - a wand of disintegration (25)
 G - a wand of paralysis (21)
Scrolls
 d - 11 scrolls of identify
 e - 6 scrolls of magic mapping
 h - 13 scrolls of teleportation
 m - 8 scrolls of remove curse
 t - 2 scrolls of fear
 B - 4 scrolls of fog
Potions
 g - 4 potions of agility
 j - 13 potions of curing
 k - 5 potions of cancellation
 l - 5 potions of mutation
 p - 4 potions of berserk rage
 r - a potion of heal wounds
 s - 4 potions of might
 O - 2 potions of haste
Comestibles
 c - 53 rations
 P - 3 chunks of flesh


   Skills:
 + Level 18.1 Fighting
 + Level 15.6 Axes
 + Level 17.6 Armour
 + Level 14.1 Dodging


You had 18 spell levels left.
You didn't know any spells.
Your spell library was empty.

Dungeon Overview and Level Annotations

Branches:
Dungeon (15/15)            Temple (1/1) D:7            Lair (6/6) D:9
  Swamp (4/4) Lair:2       Spider (4/4) Lair:3        Slime (0/5) Lair:6
    Orc (2/2) D:12            Elf (1/3) Orc:2        Vaults (0/5) D:13
 Depths (0/5) D:15

Altars:
Cheibriados
Hepliaklqana
Kikubaaqudgha
Makhleb
Qazlal
Trog
Zin
Beogh

Shops:
D:11 *   D:14 !   Orc:2 *?%[

Annotations:
D:13 2 runed translucent doors, meepyknight's ghost, journeyman MiFi
D:14 exclusion: Roxanne, Roxanne
Lair:2 exclusion: 2 oklob plants
Lair:6 exclusion: 2 oklob plants


Innate Abilities, Weirdness & Mutations

You are resistant to torment.
Your stone body is resilient. (AC +14)
You are immune to poison.
Your large and strong wings let you fly indefinitely.
You resist negative energy. (rN+)
You are resistant to electric shocks. (rElec)
You can survive without breathing.
You are immune to petrification.
You are immune to rotting.


Message History

The emperor scorpion stings you!
* * * LOW HITPOINT WARNING * * *
The emperor scorpion closely misses you.
The emperor scorpion claws you but does no damage.
The ghost moth stares at you.
A red film seems to cover your vision as you go berserk!
You feel yourself moving faster!
You feel mighty!
You are near starving!
The hornet is caught in a web!
The emperor scorpion barely misses you.
The emperor scorpion claws you but does no damage. x2
The emperor scorpion stings you!
* * * LOW HITPOINT WARNING * * *
The emperor scorpion claws you but does no damage.
The emperor scorpion closely misses you.
The hornet pulls away from the web.
The emperor scorpion stings you!!
* * * LOW HITPOINT WARNING * * *
The emperor scorpion claws you but does no damage.
The emperor scorpion closely misses you.
The emperor scorpion stings you!!
You die...

#≈≈....≈##≈≈.###.†.
##....≈##.≈≈.##.†.†
#...≈.###...###....
#≈..### #####≈..≈≈#
#..## ###†..### ##.##
.##...## #.≈####
..##..###
##^..sy##y..##..≈≈##
#≈..@ssy'# #..^^.##
#..≈##yy†# ##.....#
#.^.#####...###......
###..≈# ...##≈..≈≈..
#..^# ..##..^##..
#..## #+##...##≈#
#...### ##....##
##....## #...^##
#.....# ####.^..#


You could see 3 emperor scorpions, a ghost moth (invisible), a moth of wrath and
3 hornets.

Vanquished Creatures
  A bone dragon (Swamp:4)
  Arachne (Spider:3)
  Rupert (D:14)
  The ghost of colesbury the Warrior, an adept DrFE of Sif Muna (Swamp:3)
  Frances (D:12)
  A thorn hunter (Swamp:4)
  Donald (Swamp:4)
  The ghost of colesbury the Fighter, a journeyman DrFE of Sif Muna (Swamp:1)
  Kirke (Lair:5)
  A ghost moth (Spider:4)
  2 emperor scorpions (Spider:4)
  Aizul (Spider:3)
  A very ugly thing (Swamp:4)
  An entropy weaver (Spider:2)
  2 spark wasps (Spider:3)
  A minotaur (Gauntlet)
  3 dire elephants
  A yaktaur captain (D:9)
  Harold (Orc:1)
  A catoblepas (D:14)
  2 vault guards (D:13)
  A merfolk avatar (Lair:6)
  14 hydras
  6 shambling mangroves
  3 ghost crabs
  Erica (D:9)
  12 two-headed ogres
  4 centaur warriors
  12 alligators
  A death scarab (Gauntlet)
  2 ogre magi (Orc:2)
  7 spriggans
  A spectral death yak (Gauntlet)
  A glowing orange brain (D:15)
  2 deep trolls (Orc:2)
  2 swamp dragons
  5 unseen horrors
  A spriggan druid (Swamp:2)
  2 spectral hydras (Swamp:4)
  A wizard (Gauntlet)
  An orc knight (Orc:2)
  A harpy (Lair:6)
  2 phantasmal warriors (Swamp:4)
  18 orb spiders
  6 deep elf magi
  5 cyclopes
  24 wolf spiders
  An oklob plant (Swamp:4)
  15 ugly things
  A manticore (Lair:6)
  An orc sorcerer (Orc:2)
  35 slime creatures
  5 centaur zombies
  6 elephants
  4 black mambas
  Joseph (D:9)
  A black mamba (shapeshifter) (D:15)
  A gargoyle (D:11)
  23 spiny frogs
  7 rime drakes
  A torpor snail (Spider:2)
  13 komodo dragons
  7 swamp worm zombies (Swamp:4)
  6 kobold demonologists
  9 demonic crawlers
  An efreet (D:15)
  2 freezing wraiths
  12 trolls
  17 polar bears
  4 hydra zombies (Swamp:4)
  3 meliai (Spider:2)
  9 tyrant leeches
  35 jumping spiders
  A wind drake (Lair:6)
  10 blink frogs
  9 bog bodies
  Grinder (D:3)
  28 hornets
  8 hippogriffs
  A meliai zombie (D:15)
  2 alligator zombies (Swamp:4)
  5 spectral swamp dragons (Swamp:4)
  Sigmund (D:2)
  A yak (shapeshifter) (D:15)
  6 wyverns
  71 redbacks
  26 tarantellas
  5 shadows
  4 basilisks
  11 humans
  26 yaks
  3 hogs (Lair:5)
  14 vampire mosquitoes
  2 hungry ghosts
  12 swamp worms
  9 water moccasins
  22 insubstantial wisps
  Duvessa (D:4)
  An acid dragon (D:14)
  15 black bears
  3 porcupines
  3 sky beasts
  7 swamp drakes
  19 orc warriors
  The ghost of ih15omp the Skirmisher, an amateur MiBe of Trog (D:3)
  3 phantoms (Swamp:4)
  An ice beast (D:9)
  2 swamp dragon zombies (Swamp:4)
  An eye of draining (D:13)
  23 ogres
  2 necrophages
  45 wolves
  4 boggarts (Lair:5)
  12 centaurs
  A crocodile (shapeshifter) (D:15)
  20 crocodiles
  3 big kobolds
  4 earth elementals (Spider:3)
  14 bullfrogs
  Dowan (D:4)
  A wyvern skeleton (D:14)
  A scorpion (D:12)
  7 killer bees
  4 wights (D:15)
  10 electric eels
  3 crimson imps
  6 jellies
  4 bullfrog zombies
  4 centaur skeletons
  Crazy Yiuf (D:3)
  16 orc priests
  8 hounds
  7 iguanas
  Ijyb (D:4)
  Terence (D:2)
  Natasha (thrice) (D:2)
  29 orc wizards
  A spectral swamp drake (Swamp:4)
  8 worker ants
  2 hound skeletons
  Robin (D:2)
  17 adders
  4 shadow imps
  2 white imps (Gauntlet)
  An adder skeleton (D:9)
  An adder zombie (D:5)
  4 worms
  8 dart slugs
  6 leopard geckos
  85 orcs
  2 ball pythons
  6 giant cockroaches
  16 goblins
  8 hobgoblins
  13 jackals
  19 kobolds
  4 quokkas
  8 bats
  2 frilled lizards
  A giant cockroach zombie (D:5)
  2 leopard gecko skeletons (D:4)
  A quokka skeleton (D:4)
  10 rats
  8 fungi
  3 plants
1194 creatures vanquished.

Vanquished Creatures (collateral kills)
  An ugly thing (D:15)
  A spriggan (shapeshifter) (D:15)
  A human (shapeshifter) (D:15)
  A wyvern (Lair:4)
4 creatures vanquished.

Vanquished Creatures (others)
  An entropy weaver (Spider:4)
  An orc warrior (Orc:2)
  A swamp drake (Swamp:3)
  A killer bee (D:12)
  An orc wizard (Orc:2)
  10 fungi
  12 plants
27 creatures vanquished.

Grand Total: 1225 creatures vanquished

Notes
Turn   | Place    | Note
-------+----------+-------------------------------------------
     0 | D:1      | Fang the Gargoyle Berserker began the quest for the Orb.
     0 | D:1      | Reached XP level 1. HP: 14/14 MP: 1/1
   385 | D:1      | Reached XP level 2. HP: 18/19 MP: 2/2
   686 | D:1      | Reached XP level 3. HP: 22/23 MP: 3/3
   871 | D:1      | Reached ** piety under Trog
  1206 | D:2      | Noticed Natasha
  1214 | D:2      | Killed Natasha
  1214 | D:2      | Reached XP level 4. HP: 29/29 MP: 4/4
  1343 | D:2      | Noticed Natasha
  1356 | D:2      | Killed Natasha
  1356 | D:2      | Reached skill level 4 in Fighting
  1584 | D:2      | Noticed Sigmund
  1595 | D:2      | Killed Sigmund
  1595 | D:2      | Reached XP level 5. HP: 23/34 MP: 5/5
  1595 | D:2      | Reached XP level 6. HP: 27/39 MP: 6/6
  1974 | D:2      | Noticed Natasha
  1987 | D:2      | Killed Natasha
  2088 | D:2      | Found an ancient bone altar of Kikubaaqudgha.
  2182 | D:2      | Noticed Robin
  2191 | D:2      | Killed Robin
  2243 | D:2      | Noticed Terence
  2260 | D:2      | Killed Terence
  2741 | D:3      | Reached *** piety under Trog
  2891 | D:3      | Noticed Grinder
  2897 | D:3      | Paralysed by Grinder for 3 turns
  2908 | D:3      | Killed Grinder
  2908 | D:3      | Reached skill level 5 in Fighting
  2908 | D:3      | Reached XP level 7. HP: 44/44 MP: 7/7
  2995 | D:3      | Found a runed translucent door.
  2996 | D:3      | Noticed Crazy Yiuf
  3293 | D:3      | Found a runed translucent door.
  3295 | D:3      | Noticed ih15omp's ghost (amateur MiBe)
  3461 | D:3      | Killed Crazy Yiuf
  3562 | D:3      | Killed ih15omp's ghost
  3610 | D:4      | Reached skill level 5 in Armour
  3662 | D:4      | Found a stormy altar of Qazlal.
  3662 | D:4      | Noticed a water elemental
  3663 | D:4      | Noticed a fire elemental
  3663 | D:4      | Noticed an air elemental
  3840 | D:4      | Reached XP level 8. HP: 47/51 MP: 8/8
  3967 | D:4      | Noticed Ijyb
  3990 | D:4      | Killed Ijyb
  4325 | D:4      | Noticed Duvessa
  4326 | D:4      | Noticed Dowan
  4352 | D:4      | Found a snail-covered altar of Cheibriados.
  4358 | D:4      | Killed Duvessa
  4358 | D:4      | Reached skill level 6 in Fighting
  4358 | D:4      | Reached skill level 5 in Axes
  4361 | D:4      | Killed Dowan
  4561 | D:5      | Entered Level 5 of the Dungeon
  4598 | D:5      | Reached **** piety under Trog
  5173 | D:5      | Received a gift from Trog
  5460 | D:6      | Reached XP level 9. HP: 47/56 MP: 9/9
  5647 | D:6      | Reached skill level 7 in Fighting
  5647 | D:6      | Reached skill level 5 in Dodging
  6813 | D:7      | Found a staircase to the Ecumenical Temple.
  6827 | D:7      | Reached skill level 8 in Fighting
  6869 | Temple   | Entered the Ecumenical Temple
  7491 | D:8      | Found a glowing silver altar of Zin.
  7552 | D:8      | Reached ***** piety under Trog
  7600 | D:8      | Reached XP level 10. HP: 46/64 MP: 10/10
  7671 | D:8      | Received a gift from Trog
  7937 | D:8      | Noticed a two-headed ogre
  7954 | D:8      | Killed a two-headed ogre
  8410 | D:8      | Found the amulet of Vitality {Regen+ HP+15}
  8740 | D:8      | Found a hazy altar of Hepliaklqana.
  8780 | D:8      | Reached skill level 9 in Fighting
  8785 | D:8      | You fall through a shaft for 2 floors!
  8785 | D:10     | Entered Level 10 of the Dungeon
  9255 | D:10     | Noticed a kobold demonologist
  9257 | D:10     | Noticed a kobold demonologist
  9261 | D:10     | Noticed a smoke demon
  9269 | D:10     | Noticed a sixfirhy
  9269 | D:10     | Killed a kobold demonologist
  9294 | D:10     | Noticed an orange demon
  9298 | D:10     | Killed a kobold demonologist
  9298 | D:10     | Reached XP level 11. HP: 71/71 MP: 11/11
  9585 | D:9      | Noticed Joseph
  9587 | D:9      | Noticed a yaktaur captain
  9598 | D:9      | Killed Joseph
  9605 | D:9      | Killed a yaktaur captain
  9883 | D:9      | Found a staircase to the Lair.
  9931 | D:9      | Reached skill level 10 in Fighting
 10050 | D:9      | Noticed a two-headed ogre
 10060 | D:9      | Killed a two-headed ogre
 10342 | D:9      | Noticed a moth of wrath
 10345 | D:9      | Found a bloodstained altar of Trog.
 10437 | D:9      | Noticed Erica
 10456 | D:9      | Killed Erica
 10456 | D:9      | Reached skill level 10 in Armour
 11141 | D:11     | Found Coagatie's Pet Rocks.
 11228 | D:11     | Received a gift from Trog
 11254 | D:11     | Noticed a two-headed ogre
 11261 | D:11     | Killed a two-headed ogre
 11295 | D:11     | Noticed a cyclops
 11302 | D:11     | Killed a cyclops
 11636 | Lair:1   | Entered Level 1 of the Lair of Beasts
 11643 | Lair:1   | Reached XP level 12. HP: 79/79 MP: 4/12
 11688 | Lair:1   | Found a burning altar of Makhleb.
 11803 | Lair:1   | Reached skill level 11 in Fighting
 12337 | Lair:1   | You fall through a shaft!
 12347 | Lair:2   | Noticed an eight-headed hydra
 12360 | Lair:2   | Killed an 11-headed hydra
 12435 | Lair:2   | Found a staircase to the Swamp.
 12455 | Lair:2   | Reached skill level 10 in Axes
 13637 | Lair:1   | Reached skill level 12 in Fighting
 13989 | Lair:3   | Reached XP level 13. HP: 76/86 MP: 13/13
 14122 | Lair:3   | Found a hole to the Spider Nest.
 14157 | Lair:3   | Reached ****** piety under Trog
 15029 | Lair:4   | Received a gift from Trog
 15259 | Lair:4   | Found a hazy altar of Hepliaklqana.
 15790 | Lair:4   | Reached skill level 10 in Dodging
 15907 | Lair:5   | Noticed Kirke
 15927 | Lair:5   | Killed Kirke
 16225 | Lair:5   | Reached skill level 13 in Fighting
 17158 | Lair:5   | Gained mutation: Your large and strong wings let you fly
                  | indefinitely. [Gargoyle growth]
 17158 | Lair:5   | Reached XP level 14. HP: 94/94 MP: 14/14
 17195 | Lair:6   | Entered Level 6 of the Lair of Beasts
 17249 | Lair:6   | Received a gift from Trog
 17569 | Lair:6   | Noticed a dire elephant
 17599 | Lair:6   | Killed a dire elephant
 17810 | Lair:6   | Noticed a dire elephant
 17826 | Lair:6   | Killed a dire elephant
 18331 | Lair:6   | Found a staircase to the Slime Pits.
 19011 | D:12     | Noticed Frances
 19028 | D:12     | Killed Frances
 19252 | D:12     | Identified a scroll of acquirement
 19472 | D:12     | Found a staircase to the Orcish Mines.
 19624 | D:12     | Received a gift from Trog
 19940 | D:12     | Reached skill level 14 in Fighting
 20421 | D:13     | Found a runed translucent door.
 20421 | D:13     | Found a runed translucent door.
 20423 | D:13     | Noticed a lich
 20424 | D:13     | Noticed meepyknight's ghost (journeyman MiFi)
 20712 | D:13     | Reached XP level 15. HP: 100/100 MP: 15/15
 21050 | D:13     | Found a gate to the Vaults.
 21168 | D:14     | Noticed Rupert
 21199 | D:14     | Killed Rupert
 21226 | D:14     | Identified Roxanne's Guide on Transmigration
 21226 | D:14     | Noticed Roxanne
 21433 | D:14     | Found Neimmymeucs's Distillery.
 21436 | D:14     | Bought a potion of heal wounds for 80 gold pieces
 21823 | D:15     | Entered Level 15 of the Dungeon
 22039 | D:15     | Received a gift from Trog
 22202 | D:15     | Reached skill level 15 in Fighting
 22202 | D:15     | Reached XP level 16. HP: 108/108 MP: 16/16
 22400 | D:15     | Paralysed by fainting for 10 turns
 23211 | D:15     | Found a staircase to the Depths.
 23500 | Orc:1    | Entered Level 1 of the Orcish Mines
 23500 | Orc:1    | Found a roughly hewn altar of Beogh.
 23502 | Orc:1    | Noticed Harold
 23532 | Orc:1    | Killed Harold
 23969 | Orc:2    | Entered Level 2 of the Orcish Mines
 24155 | Orc:2    | Paralysed by an orc sorcerer for 4 turns
 24345 | Orc:2    | Found a gate leading to a gauntlet.
 24386 | Gauntlet | Entered a Gauntlet
 24386 | Gauntlet | Found a transporter.
 24397 | Gauntlet | Found a transporter.
 24444 | Gauntlet | Found a transporter.
 24492 | Gauntlet | Found a transporter.
 24495 | Gauntlet | Found a runed translucent gate.
 24496 | Gauntlet | Found a runed translucent gate.
 24501 | Gauntlet | Found a runed translucent gate.
 24504 | Gauntlet | Found a transporter.
 24505 | Gauntlet | Found a transporter.
 24505 | Gauntlet | Found a transporter.
 24584 | Gauntlet | Received a gift from Trog
 24584 | Gauntlet | Reached skill level 15 in Armour
 24585 | Gauntlet | Found a transporter.
 24677 | Gauntlet | Identified Tyricy Fujo's Volume of Burning Self-Improvement
 24807 | Orc:2    | Reached XP level 17. HP: 114/114 MP: 17/17
 25195 | Orc:2    | Found Noihesk's Magic Scroll Shoppe.
 25236 | Orc:2    | Found Xacatt's Antique Armour Emporium.
 25242 | Orc:2    | Found Fesyimie's General Store.
 25252 | Orc:2    | Found Jikhits's Food Shoppe.
 25286 | Orc:2    | Found a staircase to the Elven Halls.
 25657 | Swamp:1  | Entered Level 1 of the Swamp
 25734 | Swamp:1  | Reached skill level 16 in Fighting
 26256 | Swamp:1  | Found a runed translucent door.
 26257 | Swamp:1  | Noticed colesbury's ghost (journeyman DrFE)
 26376 | Swamp:1  | Received a gift from Trog
 26682 | Swamp:1  | Killed colesbury's ghost
 26689 | Swamp:1  | Got a slimy ivory ring
 26695 | Swamp:1  | Identified the ring of the Okapi {Int+6 SInv} (You found it
                  | on level 1 of the Swamp)
 27094 | Swamp:2  | Found a snail-covered altar of Cheibriados.
 28434 | Swamp:3  | HP: 9/196 [20-headed hydra (2)]
 28787 | Swamp:3  | Got a pitted war axe
 28788 | Swamp:3  | Identified the cursed +1 war axe of Proximity {pain, +Fly}
                  | (You found it on level 3 of the Swamp)
 29185 | Swamp:3  | Found a runed translucent gate.
 29185 | Swamp:3  | Found a runed translucent gate.
 29185 | Swamp:3  | Found a runed translucent gate.
 29186 | Swamp:3  | Noticed colesbury's ghost (adept DrFE)
 29250 | Swamp:3  | Killed colesbury's ghost
 29469 | Swamp:4  | Entered Level 4 of the Swamp
 29698 | Swamp:4  | Received a gift from Trog
 29698 | Swamp:4  | Reached XP level 18. HP: 122/122 MP: 18/18
 30167 | Swamp:4  | Got a pair of faintly humming gloves
 30173 | Swamp:4  | Identified the +0 pair of gloves "Vaffaili" {Str+3} (You
                  | found it on level 4 of the Swamp)
 30302 | Swamp:4  | Noticed Donald
 30312 | Swamp:4  | Killed Donald
 30466 | Swamp:4  | Reached skill level 17 in Fighting
 31695 | Swamp:4  | Noticed a bone dragon
 31734 | Swamp:4  | Killed a bone dragon
 31748 | Swamp:4  | Got a decaying rune of Zot
 32219 | Elf:1    | Entered Level 1 of the Elven Halls
 32237 | Elf:1    | Received a gift from Trog
 32266 | Elf:1    | Noticed a Brimstone Fiend
 32717 | Spider:1 | Entered Level 1 of the Spider Nest
 32814 | Spider:1 | Received a gift from Trog
 33449 | Spider:2 | Received a gift from Trog
 33449 | Spider:2 | Reached skill level 15 in Axes
 34390 | Spider:3 | Noticed Arachne
 34411 | Spider:3 | Killed Arachne
 34680 | Spider:3 | Noticed Aizul
 34686 | Spider:3 | Reached XP level 19. HP: 126/129 MP: 19/19
 34700 | Spider:3 | Killed Aizul
 35030 | Spider:3 | Received a gift from Trog
 35033 | Spider:3 | Got a fine broad axe {god gift}
 35034 | Spider:3 | Identified the +10 broad axe "Finlel" {drain, rN+ Str+4}
                  | (Trog gifted it to you on level 3 of the Spider Nest)
 35483 | Spider:4 | Entered Level 4 of the Spider Nest
 35790 | Spider:4 | Reached skill level 18 in Fighting
 36391 | Spider:4 | HP: 3/145 [emperor scorpion (27)]
 36395 | Spider:4 | Mangled by an emperor scorpion

Skill      XL: |  1  2  3  4  5  6  7  8  9 10 11 12 13 14 15 16 17 18 19 |
---------------+----------------------------------------------------------+-----
Axes           | 3 4 5 6 8 9 10 11 12 13 14 15 | 15.6
Dodging        | 2 3 4 5 7 8 9 10 11 12 13 14 | 14.1
Armour         | 3 4 5 6 7 9 10 11 12 14 15 16 17 | 17.6
Fighting       | 4 5 6 8 9 10 12 13 14 15 16 17 18 | 18.1

Action                   |  1- 3 |  4- 6 |  7- 9 | 10-12 | 13-15 | 16-18 | 19-21 || total
-------------------------+-------+-------+-------+-------+-------+-------+-------++-------
Melee: Hand axe          |    88 |   183 |   161 |       |       |       |       ||   432
       Battleaxe         |       |       |   233 |       |       |       |       ||   233
       Unarmed           |       |       |    28 |       |     7 |       |       ||    35
       War axe           |       |       |   171 |   824 |  1520 |  2289 |   119 ||  4923
       Executioner's axe |       |       |       |    48 |       |       |       ||    48
       Broad axe         |       |       |       |       |       |       |   229 ||   229
Invok: Berserk           |     1 |     4 |     9 |     9 |    13 |    16 |     1 ||    53
       Trog's Hand       |       |       |     1 |       |       |       |     2 ||     3
       Brothers in Arms  |       |       |       |     1 |     1 |     2 |       ||     4
 Abil: Fly               |       |       |       |       |     1 |       |       ||     1
  Use: Scroll            |       |       |    16 |    11 |     6 |    12 |     5 ||    50
       Potion            |       |       |       |       |     2 |     3 |     3 ||     8
 Stab: Confused          |       |       |       |       |     1 |     1 |       ||     2
       Petrified         |       |       |       |       |     8 |       |       ||     8
       Held in net/web   |       |       |       |       |       |       |     1 ||     1
  Eat: Chunk             |     1 |     9 |    27 |    30 |    38 |    38 |     5 ||   148
       Ration            |       |       |     1 |     1 |     1 |     6 |       ||     9
Armor: Animal skin       |    50 |    25 |       |       |       |       |       ||    75
       Chain mail        |       |    92 |   356 |       |       |       |       ||   448
       Skin              |       |       |     2 |       |       |       |       ||     2
       Plate armour      |       |       |   144 |    77 |       |       |       ||   221
       Crystal plate arm |       |       |       |   847 |  2134 |  2649 |   471 ||  6101
Dodge: Dodged            |    90 |   101 |   375 |   483 |   996 |  1480 |   312 ||  3837
